 Dungeon Crawl Stone Soup version 0.28-a0-1033-g1a2f33fa85 (webtiles) character file.

Game seed: 1247283721807446308

625873 Joey40 the Hoplite (level 26, 0/387 HPs)
             Began as a Minotaur Berserker on Dec 1, 2021.
             Was the Champion of the Shining One.
             Slain by an emperor scorpion (6 damage)
             ... summoned by a royal mummy
             ... on level 3 of the Tomb of the Ancients on Dec 7, 2021.
             The game lasted 06:47:49 (87290 turns).

Joey40 the Hoplite (Minotaur Berserker)            Turns: 87290, Time: 06:47:51

Health: 0/387      AC: 33    Str: 33      XL:     26   Next: 65%
Magic:  31/37      EV:  2    Int:  3 (4)  God:    the Shining One [******]
Gold:   3779       SH: 31    Dex: 11      Spells: 25/25 levels left

rFire   . . .      SeeInvis +   f - +9 broad axe (holy)
rCold   + + .      Faith    .   V - +8 tower shield
rNeg    + + +      Spirit   .   (armour currently unavailable)
rPois   +          Reflect  .   (helmet unavailable)
rElec   +          Harm     .   (cloak currently unavailable)
rCorr   .          Rampage  .   (gloves currently unavailable)
Will    +....      Clarity  +   (boots currently unavailable)
Stlth   +......... NoTele   +   X - amulet of regeneration
HPRegen 1.54/turn               O - ring of poison resistance
MPRegen 0.25/turn               y - ring "Hut Gita" {Fly rElec rC++ SInv Stlth+}

@: lethally poisoned (0 -> 0), tree-form, marked, attractive, slowed, glowing,
studying 2 skills, very slow
A: stationary, stasis, torment immunity, boosted hp, (horns 3), (retaliatory
headbutt), (claws 1), clarity, deterioration 1
}: 4/15 runes: decaying, slimy, silver, gossamer
a: Renounce Religion, Divine Shield, Cleansing Flame, Summon Divine Warrior


You were on level 3 of the Tomb of the Ancients.
You worshipped the Shining One.
The Shining One was exalted by your worship.
You were a tree.
You visited 12 branches of the dungeon, and saw 55 of its levels.
You visited the Abyss 4 times.

You collected 9721 gold pieces.
You spent 5942 gold pieces at shops.

Inventory:

Hand Weapons
 a - the +7 broad axe of Foolhardiness {flame, rC+}
   (Trog gifted it to you on level 13 of the Dungeon)

   It burns those it strikes, dealing additional fire damage.
   Big, fiery blades are also staple armaments of hydra-hunters.
   rC:        It protects you from cold.
 f - a +9 broad axe of holy wrath (weapon)
 M - the +6 broad axe "Nupsol" {elec, +Blink rElec}
   (You acquired it on level 6 of the Lair of Beasts)

   It occasionally discharges a powerful burst of electricity upon striking a
   foe.
   rElec:     It insulates you from electricity.
   +Blink:    It lets you blink.
Missiles
 b - a throwing net
 v - 274 poisoned darts (quivered)
Armour
 g - a +5 kite shield of reflection
 t - the +3 pair of gauntlets of War (melded) {Slay+5}
   (You bought it in a shop on level 1 of the Elven Halls)

   Slay:      It affects your accuracy & damage with ranged weapons and melee
   (+5).
 u - the +2 cloak of the Thief (melded) {*Fog Slay-2 SInv Stlth+}
   (You found it on level 3 of the Elven Halls)

   It may release a thick cloud of smoke when the wearer is hurt.
   Slay:      It affects your accuracy & damage with ranged weapons and melee
   (-2).
   SInv:      It lets you see invisible.
   Stlth:     It makes you more stealthy.
 w - the +10 crystal plate armour of Trial and Error (melded) {rF++ Int+5 Dex+2}
   (You acquired it on level 1 of the Orcish Mines)

   Int:       It affects your intelligence (+5).
   Dex:       It affects your dexterity (+2).
   rF:        It greatly protects you from fire.
 V - a +8 tower shield (worn)
 W - a +2 pair of boots (melded)
Jewellery
 y - the ring "Hut Gita" (right branch) {Fly rElec rC++ SInv Stlth+}
   (You acquired it on level 1 of the Orcish Mines)

   [ring of flight]

   rC:        It greatly protects you from cold.
   rElec:     It insulates you from electricity.
   SInv:      It lets you see invisible.
   Fly:       It grants you flight.
   Stlth:     It makes you more stealthy.
 z - an amulet of magic regeneration
 H - an amulet of guardian spirit
 J - the ring "Iwiucw" {rC+ rCorr Int+3}
   (You took it off a hell knight on level 2 of the Depths)

   [ring of protection from cold]

   Int:       It affects your intelligence (+3).
   rC:        It protects you from cold.
   rCorr:     It protects you from acid and corrosion.
 L - an amulet of faith
 O - a ring of poison resistance (left branch)
 P - the ring "Usyxkoru" {Will+ EV+4 Int+3}
   (You acquired it on level 3 of the Crypt)

   [ring of evasion]

   EV:        It affects your evasion (+4).
   Int:       It affects your intelligence (+3).
   Will:      It increases your willpower.
 X - an amulet of regeneration (around neck)
 Z - the amulet "Oppamp" {Faith Str+3}
   (You found it on level 3 of the Crypt)

   [amulet of faith]

   It allows you to gain divine favour quickly.
   Str:       It affects your strength (+3).
Wands
 h - a wand of polymorph (44)
 x - a wand of acid (38)
 A - a wand of flame (137)
 B - a wand of digging (21)
 Q - a wand of paralysis (20)
 U - a wand of iceblast (25)
Scrolls
 d - 9 scrolls of immolation
 i - 20 scrolls of teleportation
 n - 2 scrolls of blinking
 q - 2 scrolls of brand weapon
 r - 9 scrolls of fog
 s - 5 scrolls of enchant weapon
 E - 2 scrolls of silence
 G - 3 scrolls of holy word
 I - 5 scrolls of fear
 K - 12 scrolls of magic mapping
Potions
 c - 3 potions of mutation
 e - 8 potions of flight
 j - 4 potions of magic
 k - 5 potions of attraction
 l - 15 potions of curing
 m - a potion of berserk rage
 o - 4 potions of heal wounds
 p - 3 potions of invisibility
 C - 3 potions of haste
 F - 7 potions of ambrosia
 N - 5 potions of resistance
 R - 4 potions of cancellation
 S - 12 potions of might
 T - 3 potions of lignification
Miscellaneous
 D - a phantom mirror
 Y - a lightning rod (4/4)


   Skills:
 - Level 25.0 Fighting
 - Level 18.0 Axes
 - Level 25.0 Armour
 - Level 25.0 Dodging
 - Level 0.1 Stealth
 - Level 25.0 Shields
 + Level 22.0 Invocations
 - Level 5.2 Evocations


You had 25 spell levels left.
You didn't know any spells.
Your spell library contained the following spells:

 Spells                   Type           Power      Damage    Failure   Level
 Sting                    Tmut/Pois      0%         1d3       52%         1
 Blink                    Tloc           0%         N/A       67%         2
 Poisonous Vapours        Pois/Air       0%         N/A       67%         2
 Scorch                   Fire           0%         2d5       67%         2
 Gell's Gravitas          Tloc           0%         N/A       88%         3
 Inner Flame              Hex/Fire       0%         N/A       88%         3
 Lesser Beckoning         Tloc           0%         N/A       88%         3
 Teleport Other           Tloc           0%         N/A       88%         3
 Cause Fear               Hex            0%         N/A       99%         4
 Flame Wave               Conj/Fire      0%         2d4       99%         4
 Leda's Liquefaction      Hex/Erth       0%         N/A       99%         4
 Olgreb's Toxic Radiance  Pois           0%         N/A       99%         4
 Lee's Rapid Deconstruct  Erth           0%         3d5*      100%        5
 Manifold Assault         Tloc           0%         N/A       100%        5
 Summon Forest            Summ/Tloc      0%         N/A       100%        5
 Dispersal                Tloc           0%         N/A       100%        6
 Eringya's Noxious Bog    Tmut/Pois      0%         N/A       100%        6
 Statue Form              Tmut/Erth      0%         N/A       100%        6
 Summon Cactus Giant      Summ           0%         N/A       100%        6
 Dragon Form              Tmut           0%         N/A       100%        7
 Summon Hydra             Summ           0%         N/A       100%        7
 Dragon's Call            Summ           0%         N/A       100%        9


Dungeon Overview and Level Annotations

Branches:
Dungeon (15/15)            Temple (1/1) D:7            Lair (6/6) D:8
  Swamp (4/4) Lair:2       Spider (4/4) Lair:2        Slime (5/5) Lair:6
    Orc (2/2) D:12            Elf (3/3) Orc:2        Vaults (5/5) D:13
  Crypt (3/3) Vaults:2       Tomb (3/3) Crypt:3      Depths (4/4) D:15
    Zot (0/5) Depths:4

Altars:
Ashenzari
Cheibriados
Dithmenos
Elyvilon
Fedhas
Gozag
Hepliaklqana
Kikubaaqudgha
Makhleb
Nemelex Xobeh
Okawaru
Ru
Sif Muna
Trog
Vehumet
Wu Jian
Xom
Yredelemnul
Zin
The Shining One
Beogh

Shops:
D:3 [   D:5 *   D:13 *   Orc:1 !   Orc:2 *[(:   Elf:1 :[?[=   Vaults:1 [
Vaults:3 *[(   Vaults:4 :   Depths:1 :==

Portals:
Hell: Lair:6 Depths:1 Depths:2 Depths:3 Depths:4
Abyss: Depths:3
Pandemonium: Depths:2 Depths:4
Ziggurat: Depths:3
Trove: Depths:3 (give 8 potions of haste)


Innate Abilities, Weirdness & Mutations

You are a tree.
Your roots penetrate the ground, keeping you stationary.
You cannot be teleported.
You are immune to unholy pain and torment.
Your maximum health is greatly increased.
Your equipment is partially melded.
((You have a pair of large horns on your head.))
((You reflexively headbutt those who attack you in melee.))
((You have sharp fingernails.))
You possess an exceptional clarity of mind.
Your body sometimes deteriorates upon taking damage.


Message History

Your daeva blocks the emperor scorpion's attack.
The emperor scorpion barely misses your daeva.
The emperor scorpion claws your daeva! The emperor scorpion stings you!!
* * * LOW HITPOINT WARNING * * *
The emperor scorpion claws you!
* * * LOW HITPOINT WARNING * * *
The emperor scorpion claws you but does no damage.
The emperor scorpion is attracted toward you.
As you read the scroll of holy word, it crumbles to dust.
You speak a Word of immense power!
The royal mummy convulses!
The death scarab convulses!
You destroy the death scarab!
The death scarab's corpse disappears in a puff of smoke!
The royal mummy convulses!
You feel sick.
Your daeva hits the emperor scorpion but does no damage. x2
You block the emperor scorpion's attack. x2
The emperor scorpion claws you but does no damage.
You block the royal mummy's attack.
The emperor scorpion stings you but does no damage.
The emperor scorpion claws you.
* * * LOW HITPOINT WARNING * * *
The emperor scorpion claws you but does no damage.
You block the royal mummy's attack. The emperor scorpion stings you!
* * * LOW HITPOINT WARNING * * *
The emperor scorpion claws you but does no damage.
The emperor scorpion claws you.
* * * LOW HITPOINT WARNING * * *
The emperor scorpion stings you but does no damage.
The emperor scorpion barely misses you. The emperor scorpion claws you.
The Shining One protects you from harm!
Your daeva blocks the emperor scorpion's attack.
The emperor scorpion claws your daeva.
The emperor scorpion claws your daeva but does no damage.
Your daeva blocks the emperor scorpion's attack.
The emperor scorpion barely misses your daeva.
The emperor scorpion claws your daeva! The emperor scorpion stings you!
The Shining One protects you from harm!
You block the emperor scorpion's attack.
The emperor scorpion claws you.
You die...

****** ######## ******* **,,,,**
#......# **,,,,,**
**,,,,,,**#...)..#**,,,,,,,**
**,,,,,,,,*#§.s†..#*,,,,,,,,,**
**,,,,,,,,,*#.ssAs§#*,,,,,,,,,,*
**,,,,,,,,,,,#sM♣s§.#,,,,,,,,,,,,
*,,,,,,,,,,,,#.ssM..#,,,,,,,,,,,,
,,,,,,,,^,,..'..s...'...,,^,,,,,,
,,,,,,,,,....#......#^..,,,,^,,,,
,,,,,,,,,....#......#...,,,,,,,,,
,,,,,,,,,...*#......#*..,,,,,,,,,
,,,,,,,,,..,*#......#*,,,,,,,,,,,
,,,,,,,,,,,**........**,,,,,,,,,,
,,,,,,,,,<**,,,,,,,,,,**<,,,,,,,,


You could see 2 royal mummies, 9 emperor scorpions and a friendly daeva
(summoned).

Vanquished Creatures
  3 ancient liches (Vaults:5)
  4 juggernauts
  Sojobo (Crypt:2)
  29 royal mummies
  4 caustic shrikes
  2 profane servitors (Crypt:3)
  4 golden dragons
  A bone dragon (Crypt:3)
  the Enchantress (Depths:1)
  A shard shrike zombie (Crypt:3)
  A hellephant (Crypt:2)
  6 liches
  2 walking earthen tomes (Depths:3)
  4 tentacled monstrosities (Vaults:5)
  2 deep elf master archers
  5 titans (Vaults:5)
  A quicksilver dragon (Vaults:5)
  22 acid blobs
  2 deep elf blademasters
  9 sphinxes
  3 tentacled starspawn
  8 ancient champions
  3 thorn hunters (Swamp:4)
  4 shadow dragons
  Donald (Elf:3)
  2 fenstrider witches
  4 storm dragons
  8 tengu reavers
  4 revenants
  Agnes (Spider:2)
  16 rockslimes
  25 azure jellies
  11 vault wardens
  11 fire giants
  4 deep elf sorcerers (Elf:3)
  3 ghost moths
  2 caustic shrike zombies
  The ghost of Oruaneas the Devastator, a journeyman DrCj of Hepliaklqana (D:14)
  10 frost giants
  An orc warlord (Orc:1)
  8 emperor scorpions
  2 draconian scorchers (Depths:4)
  An iron dragon (Depths:3)
  12 ghouls
  2 curse skulls (Crypt:3)
  4 deep elf elementalists
  16 ironbound preservers
  17 quicksilver oozes
  3 balrugs
  35 stone giants
  A reaper (Depths:2)
  3 war gargoyles
  21 very ugly things
  3 spriggan defenders (Depths:1)
  4 vampire knights
  16 bennus
  5 deep elf demonologists
  3 eleionomae
  Nessos (D:15)
  5 entropy weavers
  A green draconian (Depths:4)
  12 dire elephants
  A purple draconian (Depths:4)
  11 deep elf annihilators
  2 spark wasps (Depths:3)
  5 bunyips
  2 yellow draconians (Depths:4)
  9 eidola (Crypt:3)
  12 deep elf death magi
  12 ettins
  6 fire dragons
  26 mummy priests
  A blizzard demon (Abyss:3)
  9 jiangshi
  18 yaktaur captains
  4 deep elf high priests
  2 ice dragons (Depths:2)
  13 great orbs of eyes
  7 spriggan air magi
  20 vault guards
  A hell beast (Depths:2)
  7 boulder beetles
  22 hydras
  8 ironbound frosthearts
  A rakshasa (Depths:1)
  9 ironbound thunderhulks
  10 centaur warriors
  3 catoblepae
  A peacekeeper (Vaults:3)
  A ghost crab (Swamp:2)
  A death yak (shapeshifter) (Depths:4)
  5 tengu warriors
  A two-headed ogre (shapeshifter) (Elf:1)
  6 death knights
  9 alligators
  20 two-headed ogres
  6 death yaks
  52 death scarabs
  4 hell hogs (Abyss:2)
  6 vampire magi
  3 orc high priests
  8 deep troll shamans
  28 dancing weapons
  7 deep troll earth magi
  124 slime creatures
  2 thrashing horrors
  6 spriggan berserkers
  2 soul eaters
  22 deep elf knights
  19 hell knights
  2 titan zombies
  13 spriggans
  A sun demon (Lair:6)
  16 iron trolls
  A wretched star (Abyss:3)
  A goliath frog (shapeshifter) (Vaults:1)
  A death drake (shapeshifter) (Vaults:4)
  33 skeletal warriors
  3 flayed ghosts
  3 goliath frogs
  72 deep trolls
  3 glowing orange brains
  A shadow dragon zombie (Depths:1)
  7 bog bodies
  3 spriggan druids
  11 swamp dragons
  6 wizards
  A deep elf archer (Elf:3)
  18 ironbound convokers
  3 orc knights
  A tengu zombie (Depths:1)
  26 phantasmal warriors
  6 lindwurms
  4 harpies (Vaults:1)
  18 deep elf zephyrmancers
  12 orc sorcerers
  21 deep elf pyromancers
  7 necromancers
  An iron dragon zombie (Crypt:3)
  A mana viper (shapeshifter) (Depths:1)
  16 orb spiders
  A golden dragon skeleton (Depths:3)
  A wolf spider (shapeshifter) (Depths:2)
  3 shining eyes
  32 wolf spiders
  26 ugly things
  A faun (shapeshifter) (Depths:4)
  7 will-o-the-wisps
  6 manticores
  2 moths of wrath
  23 cyclopes
  9 elephants
  A shock serpent zombie (Crypt:2)
  7 centaur zombies
  2 eyes of devastation
  2 black mambas
  2 dire elephant zombies
  A torpor snail (shapeshifter) (Depths:1)
  A fire giant skeleton (Depths:1)
  6 torpor snails
  10 cane toads
  4 smoke demons
  11 vault sentinels
  A spriggan zombie (Crypt:3)
  4 gargoyles
  2 human zombies
  2 yaktaur zombies
  2 orange demons (Lair:6)
  2 unseen horrors
  A hellion (Crypt:2)
  11 large abominations
  8 rime drakes (Lair:6)
  5 kobold demonologists
  A catoblepas zombie (Crypt:1)
  8 demonic crawlers
  An efreet (D:15)
  2 ice devils (Lair:6)
  42 yaktaurs
  A yellow draconian skeleton (Crypt:1)
  7 freezing wraiths
  6 komodo dragons
  3 tengu conjurers
  2 ancient zymes
  2 hellwings
  A red devil (Lair:6)
  3 harpy zombies
  35 jumping spiders
  A bloated husk (Swamp:4)
  35 guardian mummies
  15 trolls
  8 tyrant leeches
  22 polar bears
  8 raiju
  A fire dragon zombie (Crypt:1)
  16 hornets
  A frost giant simulacrum (Depths:3)
  An ettin zombie (Crypt:3)
  10 dream sheep (Lair:6)
  19 blink frogs
  A death drake skeleton (Crypt:1)
  An alligator zombie (Crypt:1)
  A boulder beetle zombie (Crypt:2)
  Sigmund (D:2)
  29 flying skulls
  2 shadows (Crypt:3)
  25 tarantellas
  7 starcursed masses (Abyss:2)
  A fire dragon skeleton (Crypt:2)
  71 redbacks
  A yak (shapeshifter) (Vaults:5)
  A redback (shapeshifter) (Vaults:1)
  4 fire elementals
  4 wyverns
  3 water elementals
  8 wraiths
  A ynoxinul (Abyss:2)
  3 vampires
  24 ushabtiu
  6 golden eyes
  33 yaks
  14 vampire mosquitoes
  3 basilisks
  8 chaos spawn
  A neqoxec (Abyss:3)
  A steam dragon (D:8)
  A yaktaur simulacrum (Vaults:3)
  5 wargs
  A harpy simulacrum (Tomb:2)
  15 swamp worms
  3 naga zombies (Crypt:3)
  An ogre skeleton (Vaults:3)
  12 water moccasins
  23 orc warriors
  4 hell hounds (Lair:6)
  4 swamp drakes
  Duvessa (D:7)
  2 ice beasts
  A sky beast (D:8)
  16 black bears
  2 swamp dragon zombies (Crypt:2)
  14 necrophages
  13 ogres
  15 centaurs
  14 wolves
  9 boggarts
  A snapping turtle skeleton (Crypt:2)
  3 phantoms
  A hog skeleton (Crypt:2)
  5 kobold brigands
  4 scorpions
  9 bullfrogs
  A wyvern zombie (D:7)
  2 earth elementals
  6 human skeletons
  A salamander skeleton (Crypt:2)
  5 wyvern skeletons (Crypt:3)
  An ogre simulacrum (Vaults:4)
  Dowan (D:7)
  12 small abominations
  18 killer bees
  A warg skeleton (Crypt:2)
  7 wights
  3 quasits (Abyss:3)
  A gnoll shaman (D:4)
  A hound (D:5)
  A human simulacrum (Vaults:4)
  3 jellies
  8 orc priests
  A centaur skeleton (Crypt:1)
  An iron imp (Abyss:2)
  An iguana (D:5)
  A hell rat (Lair:6)
  12 orc wizards
  An ogre zombie (Crypt:1)
  A hound zombie (Crypt:1)
  3 hound skeletons
  45 mummies
  Robin (D:3)
  2 howler monkey zombies
  5 gnolls (D:4)
  4 adders
  A white imp (Vaults:3)
  2 ufetubi
  7 worms
  3 dart slugs
  36 orcs
  7 endoplasms
  13 giant cockroaches
  12 goblins
  10 hobgoblins
  11 jackals
  20 kobolds
  4 quokkas
  3 ball pythons
  6 bats
  3 frilled lizards
  A gnoll skeleton (Crypt:1)
  4 rats
  A river rat skeleton (Crypt:1)
  10 briar patches (Swamp:4)
  8 starspawn tentacles
  2 withered plants (Crypt:3)
2461 creatures vanquished.

Vanquished Creatures (collateral kills)
  the Royal Jelly (Slime:5)
  2 royal mummies (Tomb:1)
  Bai Suzhen (Elf:3)
  A golden dragon (Vaults:5)
  Arachne (Spider:2)
  2 titans (Vaults:5)
  3 acid blobs (Slime:5)
  A shadow dragon (Vaults:5)
  2 storm dragons (Vaults:5)
  A rockslime (Slime:5)
  A frost giant (Vaults:5)
  2 vault wardens (Vaults:5)
  A deep elf elementalist (Elf:3)
  A war gargoyle (Vaults:5)
  A stone giant (Vaults:5)
  A deep elf demonologist (Vaults:5)
  2 entropy weavers (Vaults:5)
  A deep elf annihilator (Vaults:5)
  A mummy priest (Tomb:3)
  An ettin (Vaults:5)
  A yaktaur captain (Vaults:5)
  5 vault guards (Vaults:5)
  A deep troll earth mage (Vaults:5)
  6 death scarabs
  2 dancing weapons (Elf:1)
  3 starcursed masses (Abyss:2)
  A flayed ghost (Vaults:5)
  2 deep elf zephyrmancers (Elf:1)
  2 ironbound convokers (Vaults:5)
  A phantasmal warrior (Vaults:5)
  3 deep elf pyromancers (Elf:1)
  2 orb spiders (Spider:2)
  An oklob plant (Lair:2)
  7 shining eyes
  A spriggan skeleton (Tomb:3)
  A yaktaur (Vaults:5)
  A guardian mummy (Tomb:1)
  A jumping spider (Spider:2)
  8 slime creatures
  A blink frog (shapeshifter) (Vaults:5)
  A ynoxinul (Abyss:2)
  A floating eye (Slime:5)
  A large abomination (Abyss:2)
  A mummy (Tomb:3)
  A white imp (Abyss:2)
82 creatures vanquished.

Vanquished Creatures (others)
  2 bennus (Tomb:2)
  2 deep elf knights (Elf:1)
  2 wizards
  A spriggan druid (Swamp:2)
  A deep elf zephyrmancer (Elf:1)
  A cyclops (Depths:2)
  A bloated husk (Swamp:2)
  An ushabti (Tomb:1)
  A briar patch (Swamp:4)
  30 foxfires
  75 fungi
  148 plants
  7 starspawn tentacles
  17 withered plants (Crypt:3)
289 creatures vanquished.

Grand Total: 2832 creatures vanquished

Notes
Turn   | Place    | Note
-------+----------+-------------------------------------------
     0 | D:1      | Joey40 the Minotaur Berserker began the quest for the Orb.
     0 | D:1      | Reached XP level 1. HP: 19/19 MP: 0/0
   201 | D:1      | Reached XP level 2. HP: 23/27 MP: 1/1
   490 | D:1      | Reached ** piety under Trog
   491 | D:1      | Reached XP level 3. HP: 31/33 MP: 2/2
  1412 | D:2      | Noticed Sigmund
  1418 | D:2      | Killed Sigmund
  1419 | D:2      | Reached skill level 5 in Axes
  1419 | D:2      | Reached XP level 4. HP: 41/41 MP: 3/3
  1419 | D:2      | Reached XP level 5. HP: 47/47 MP: 4/4
  1784 | D:3      | Noticed Robin
  1897 | D:3      | Killed Robin
  1966 | D:3      | Found Egut's Armour Emporium.
  2032 | D:3      | Reached skill level 5 in Fighting
  2057 | D:3      | Reached XP level 6. HP: 53/56 MP: 5/5
  2239 | D:3      | Found a faded altar of an unknown god.
  3023 | D:4      | Reached *** piety under Trog
  3456 | D:4      | Reached XP level 7. HP: 47/61 MP: 6/6
  3756 | D:4      | Reached skill level 5 in Armour
  4128 | D:5      | Entered Level 5 of the Dungeon
  4207 | D:5      | Reached skill level 5 in Dodging
  4505 | D:5      | Found Zin's Purification Station.
  4510 | D:5      | Reached XP level 8. HP: 71/71 MP: 7/7
  4785 | D:5      | Found a glowing silver altar of Zin.
  4970 | D:5      | You fall into a shaft and drop 1 floor!
  6362 | D:7      | Noticed Duvessa
  6362 | D:7      | Noticed Dowan
  6369 | D:7      | Killed Duvessa
  6370 | D:7      | Reached XP level 9. HP: 67/81 MP: 8/8
  6373 | D:7      | Killed Dowan
  6774 | D:7      | Found a staircase to the Ecumenical Temple.
  6987 | D:8      | Reached **** piety under Trog
  7300 | D:8      | Found a staircase to the Lair.
  7798 | D:8      | Noticed a two-headed ogre
  7804 | D:8      | Noticed a manticore
  7808 | D:8      | Killed a two-headed ogre
  7809 | D:8      | Reached XP level 10. HP: 91/91 MP: 9/9
  7817 | D:8      | Killed a manticore
  7818 | D:8      | Reached skill level 10 in Axes
  8275 | D:8      | Reached skill level 10 in Fighting
  8835 | Lair:1   | Entered Level 1 of the Lair of Beasts
  9099 | Lair:1   | Noticed a five-headed hydra
  9106 | Lair:1   | Killed a five-headed hydra
  9107 | Lair:1   | Reached skill level 10 in Armour
  9392 | Lair:1   | Reached skill level 10 in Dodging
  9858 | Lair:1   | Reached XP level 11. HP: 95/99 MP: 10/10
 10681 | Lair:2   | Found a hole to the Spider Nest.
 10813 | Lair:2   | Noticed an oklob plant
 10848 | Lair:2   | Noticed a boulder beetle
 10855 | Lair:2   | Killed a boulder beetle
 11077 | Lair:2   | Found a staircase to the Swamp.
 11100 | Lair:2   | Noticed a catoblepas
 11126 | Lair:2   | Killed a catoblepas
 11280 | Lair:2   | Identified the +1 ring mail of Beogh's Favour {Str+7 Dex-4
                  | Stlth+}
 11307 | Lair:2   | Noticed a six-headed hydra
 11325 | Lair:2   | Killed a six-headed hydra
 12157 | Lair:2   | Killed an oklob plant
 12615 | Lair:3   | You fall into a shaft and drop 1 floor!
 13632 | Lair:3   | Reached XP level 12. HP: 103/108 MP: 11/11
 15391 | Lair:5   | Reached skill level 15 in Axes
 16308 | Lair:5   | Reached skill level 1 in Shields
 16333 | Lair:5   | HP: 4/112 [blink frog (4)]
 17890 | Lair:6   | Entered Level 6 of the Lair of Beasts
 17996 | Lair:6   | Noticed a death yak
 17997 | Lair:6   | Noticed a death yak
 18001 | Lair:6   | Noticed a death yak
 18004 | Lair:6   | Noticed a death yak
 18016 | Lair:5   | Killed a death yak
 18316 | Lair:6   | Noticed a catoblepas
 18426 | Lair:6   | Killed a catoblepas
 18701 | Lair:6   | Found a staircase to the Slime Pits.
 18793 | Lair:6   | Reached ***** piety under Trog
 18808 | Lair:6   | Reached skill level 5 in Shields
 18808 | Lair:6   | Noticed a five-headed hydra
 18811 | Lair:6   | Reached XP level 13. HP: 119/119 MP: 12/12
 19989 | Lair:6   | Found the +4 skin of Zhor {*Englaciate rC+++ SInv}
 21653 | Lair:6   | Found a burning altar of Makhleb.
 22160 | Lair:6   | Found a gateway to Hell.
 22167 | Lair:6   | Identified the +0 plate armour "Qofus" {rElec MP+9 Dex+3}
 22583 | Lair:6   | Identified the +7 battleaxe of the Lesser Evil {vorpal,
                  | rElec Dex-4 SInv} (Trog gifted it to you on level 6 of the
                  | Lair of Beasts)
 22583 | Lair:6   | Received a gift from Trog
 22584 | Lair:6   | Reached skill level 15 in Armour
 22761 | Lair:6   | Identified a scroll of acquirement
 22762 | Lair:6   | Acquired the +6 broad axe "Nupsol" {elec, +Blink rElec}
 22957 | D:6      | Identified the +6 flail of Tension {flame, rElec Stlth+}
 23120 | D:9      | Reached skill level 10 in Shields
 23397 | D:9      | Reached skill level 1 in Evocations
 24213 | D:10     | Entered Level 10 of the Dungeon
 24828 | D:10     | Reached XP level 14. HP: 110/130 MP: 13/13
 26129 | D:12     | Found a staircase to the Orcish Mines.
 26692 | D:12     | Found a burning altar of Makhleb.
 26978 | Orc:1    | Entered Level 1 of the Orcish Mines
 27007 | Orc:1    | Found Cioczuuh's Distillery.
 27193 | Orc:1    | Bought a potion of haste for 140 gold pieces
 27193 | Orc:1    | Bought a potion of might for 56 gold pieces
 27193 | Orc:1    | Bought 2 potions of resistance for 280 gold pieces
 27193 | Orc:1    | Bought a potion of lignification for 42 gold pieces
 27284 | Orc:2    | Entered Level 2 of the Orcish Mines
 27351 | Orc:2    | Found Liteegae's Antique Armour Boutique.
 27394 | Orc:2    | Bought a pair of glowing gloves for 240 gold pieces
 27414 | Orc:2    | Found Wiocakh's General Store.
 27672 | Orc:2    | Noticed an orc warlord
 27939 | Orc:1    | Killed an orc warlord
 28357 | Orc:2    | Found Searetouc's Book Emporium.
 28370 | Orc:2    | Received a gift from Trog
 28564 | Orc:2    | Found Yceghego's Antique Weapon Shop.
 28767 | Orc:2    | Found a staircase to the Elven Halls.
 28940 | Elf:1    | Entered Level 1 of the Elven Halls
 29368 | Elf:1    | Reached skill level 15 in Fighting
 29655 | Elf:1    | Reached skill level 5 in Evocations
 29709 | Elf:1    | Upgraded the game from 0.28-a0-973-ga7f8b01127 to
                  | 0.28-a0-983-g1de4e0787c
 30723 | Elf:1    | Reached XP level 15. HP: 113/141 MP: 14/14
 30742 | Elf:1    | Reached skill level 15 in Shields
 31123 | Elf:1    | Found Fiost's Armour Boutique.
 31141 | Elf:1    | Found Taped's Magic Scroll Shoppe.
 31146 | Elf:1    | Found Guogakhli's Jewellery Shoppe.
 31519 | Elf:1    | Found Noatoorch's Antique Armour Boutique.
 31880 | Elf:1    | Found Loustim's Book Boutique.
 32902 | Elf:2    | Found a runed translucent gate.
 32903 | Elf:2    | Found a runed translucent gate.
 32903 | Elf:2    | Found a runed translucent gate.
 34211 | Elf:1    | Received a gift from Trog
 36391 | Elf:2    | Upgraded the game from 0.28-a0-983-g1de4e0787c to
                  | 0.28-a0-984-g3775c662fe
 38701 | Elf:3    | Entered Level 3 of the Elven Halls
 39085 | Elf:3    | Noticed Bai Suzhen
 39518 | Elf:3    | Noticed a deep elf master archer
 40557 | Elf:2    | Killed a deep elf master archer
 40815 | Elf:3    | Noticed Donald
 40822 | Elf:3    | Killed Bai Suzhen
 40823 | Elf:3    | Reached XP level 16. HP: 154/154 MP: 15/15
 40837 | Elf:3    | Killed Donald
 41075 | Elf:3    | Noticed a deep elf blademaster
 41076 | Elf:3    | Noticed a deep elf master archer
 41094 | Elf:2    | Killed a deep elf blademaster
 41339 | Elf:3    | Killed a deep elf master archer
 41350 | Elf:3    | Noticed a Tzitzimitl
 41493 | Elf:3    | Noticed a Tzitzimitl
 42137 | Elf:1    | Acquired 664 gold pieces
 42139 | Elf:1    | Bought the +3 pair of gauntlets of War {Slay+5} for 1377
                  | gold pieces
 42139 | Elf:1    | Found the +3 pair of gauntlets of War {Slay+5}
 42461 | Elf:3    | Identified the +1 falchion of Callousness {protect, rPois
                  | Int+5}
 42740 | Elf:3    | Cast into level 3 of the Abyss (a deep elf sorcerer)
 42869 | Elf:3    | Escaped the Abyss
 43107 | Elf:3    | Cast into level 3 of the Abyss (a deep elf demonologist)
 43107 | Abyss:3  | Found a corrupted altar of Lugonu.
 43220 | Abyss:3  | Found a corrupted altar of Lugonu.
 43239 | Abyss:3  | Noticed a tentacled starspawn
 43253 | Abyss:3  | Killed a tentacled starspawn
 43299 | Abyss:3  | Noticed a lich
 43310 | Abyss:3  | Killed a lich
 43311 | Abyss:3  | Reached skill level 15 in Dodging
 43313 | Abyss:3  | Noticed a tentacled starspawn
 43336 | Abyss:3  | Killed a tentacled starspawn
 43407 | Elf:3    | Escaped the Abyss
 43918 | Elf:3    | Noticed a Tzitzimitl
 44500 | Elf:3    | Cast into level 2 of the Abyss (a deep elf demonologist)
 44700 | Abyss:2  | Noticed a lich
 44704 | Abyss:2  | Killed a lich
 44794 | Abyss:2  | Received a gift from Trog
 44801 | Abyss:2  | Noticed a tentacled starspawn
 44808 | Abyss:2  | Killed a tentacled starspawn
 44809 | Abyss:2  | Reached XP level 17. HP: 113/170 MP: 16/16
 44862 | Elf:3    | Escaped the Abyss
 45194 | Elf:3    | Noticed a Tzitzimitl
 45507 | Elf:3    | Noticed a deep elf blademaster
 45523 | Elf:3    | Killed a deep elf blademaster
 45657 | Elf:3    | Found the +2 cloak of the Thief {*Fog Slay-2 SInv Stlth+}
 45764 | Elf:3    | Identified the +1 chain mail "Ler Ocebu" {Harm Will+}
 45767 | Elf:3    | Found the +8 longbow "Zephyr" {speed, Dex+3 SInv}
 45784 | Elf:3    | Identified the +5 dagger "Leviticus" {vorpal, *Slow rN+++
                  | Str+2}
 46292 | Elf:1    | Bought a +2 pair of boots for 264 gold pieces
 47028 | D:13     | Found Ifoamm Weyr's General Store.
 47180 | D:13     | Found a gate to the Vaults.
 47411 | D:13     | Identified the +7 broad axe of Foolhardiness {flame, rC+}
                  | (Trog gifted it to you on level 13 of the Dungeon)
 47411 | D:13     | Received a gift from Trog
 47744 | D:14     | Found a runed translucent gate.
 47745 | D:14     | Found a runed translucent gate.
 48062 | D:14     | Found an opulent altar of Gozag.
 48083 | D:14     | Found a runed translucent gate.
 48087 | D:14     | Noticed Oruaneas's ghost (journeyman DrCj)
 48707 | D:14     | Killed Oruaneas's ghost
 48851 | D:15     | Entered Level 15 of the Dungeon
 49066 | D:15     | Noticed Nessos
 49080 | D:15     | Killed Nessos
 49508 | D:15     | Found a staircase to the Depths.
 50033 | Swamp:1  | Entered Level 1 of the Swamp
 51525 | Swamp:3  | Identified the +6 trident of Saofris {antimagic, rN+} (Trog
                  | gifted it to you on level 3 of the Swamp)
 51525 | Swamp:3  | Received a gift from Trog
 51850 | Swamp:3  | Paralysed by a fenstrider witch for 6 turns
 51861 | Swamp:3  | Reached XP level 18. HP: 67/178 MP: 12/17
 52190 | Swamp:3  | Identified the +0 robe of Purpose {*Corrode rPois Str+7
                  | Stlth+}
 52486 | Swamp:4  | Entered Level 4 of the Swamp
 53070 | Swamp:4  | Got a decaying rune of Zot
 53378 | Swamp:4  | Received a gift from Trog
 54122 | Spider:1 | Entered Level 1 of the Spider Nest
 55216 | Spider:2 | Noticed Arachne
 55229 | Spider:2 | Killed Arachne
 55349 | Spider:2 | Noticed Agnes
 55356 | Spider:2 | Killed Agnes
 55405 | Spider:2 | Reached ****** piety under Trog
 55649 | Spider:2 | Identified the +12 war axe "Rireig" {antimagic, rN+} (Trog
                  | gifted it to you on level 2 of the Spider Nest)
 55649 | Spider:2 | Received a gift from Trog
 56137 | D:13     | Bought a scroll of identify for 28 gold pieces
 56325 | Elf:1    | Bought a scroll of teleportation for 51 gold pieces
 56325 | Elf:1    | Bought a scroll of fog for 34 gold pieces
 56325 | Elf:1    | Bought a scroll of identify for 34 gold pieces
 56325 | Elf:1    | Bought a scroll of identify for 34 gold pieces
 56325 | Elf:1    | Bought a scroll of holy word for 127 gold pieces
 56325 | Elf:1    | Bought 3 scrolls of identify for 102 gold pieces
 56325 | Elf:1    | Bought a scroll of identify for 34 gold pieces
 56325 | Elf:1    | Bought a scroll of identify for 34 gold pieces
 57358 | Spider:3 | Reached XP level 19. HP: 185/185 MP: 18/18
 57918 | Spider:4 | Entered Level 4 of the Spider Nest
 58145 | Spider:4 | Received a gift from Trog
 58743 | Spider:4 | Got a gossamer rune of Zot
 59519 | Vaults:1 | Entered Level 1 of the Vaults
 59821 | Vaults:1 | Found Neraczeq's Armour Boutique.
 60222 | Vaults:1 | Received a gift from Trog
 61040 | Vaults:2 | HP: 5/181 [yaktaur captain/bolt (26)]
 61188 | Vaults:2 | Found a staircase to the Crypt.
 61205 | Vaults:2 | Reached XP level 20. HP: 171/193 MP: 19/19
 61618 | Vaults:2 | Received a gift from Trog
 62280 | Vaults:3 | Found Vurhoipp's Antique Weapon Emporium.
 62356 | Vaults:3 | Found Seett's Assorted Antiques.
 62693 | Vaults:3 | Received a gift from Trog
 62806 | Vaults:3 | Found Ugieg's Antique Armour Boutique.
 63570 | Vaults:4 | Received a gift from Trog
 63802 | Vaults:4 | Found View's Book Emporium.
 63942 | Vaults:4 | Reached XP level 21. HP: 202/202 MP: 20/20
 64896 | Orc:2    | Bought a dazzling crystal plate armour for 2720 gold pieces
 64896 | Orc:2    | Identified the +6 crystal plate armour of Doomed Mirth
                  | {Will+ Str+3 Int-4} (You bought it in a shop on level 2 of
                  | the Orcish Mines)
 65098 | Vaults:5 | Entered Level 5 of the Vaults
 65216 | Vaults:5 | Noticed a golden dragon
 65222 | Vaults:5 | Received a gift from Trog
 65226 | Vaults:5 | Killed a golden dragon
 65261 | Vaults:5 | Noticed an ancient lich
 65272 | Vaults:5 | Killed an ancient lich
 65729 | Vaults:5 | Identified the +2 plate armour of the Forest {Will+ Str+4}
 65745 | Vaults:5 | Noticed a golden dragon
 65756 | Vaults:5 | Killed a golden dragon
 65892 | Vaults:5 | Noticed an ancient lich
 65893 | Vaults:5 | Cast into level 2 of the Abyss (a deep elf demonologist)
 66008 | Vaults:5 | Escaped the Abyss
 66019 | Vaults:5 | Killed an ancient lich
 66220 | Vaults:5 | Reached XP level 22. HP: 118/215 MP: 21/21
 66474 | Vaults:5 | Noticed an ancient lich
 66486 | Vaults:5 | Received a gift from Trog
 66490 | Vaults:5 | Killed an ancient lich
 66491 | Vaults:5 | Upgraded the game from 0.28-a0-984-g3775c662fe to
                  | 0.28-a0-1002-gf00fe891ef
 66572 | Vaults:5 | Identified the +9 longbow of Luxury {venom, SInv}
 66586 | Vaults:5 | Identified the +1 chain mail of the Last Priests {rC+ rN+
                  | Str-4}
 66862 | Vaults:5 | Identified the +1 robe of Baldness {Dex+2}
 67166 | Vaults:5 | Got a silver rune of Zot
 67175 | Vaults:5 | Identified the +5 short sword "Jyippix" {venom, rCorr
                  | Int+4}
 67692 | Depths:1 | Entered Level 1 of the Depths
 67936 | Depths:1 | Identified the +1 robe "Gouky" {rElec rF- Dex+5 Stlth+}
 68024 | Depths:1 | You fall into a shaft and drop 1 floor!
 68180 | Depths:2 | Found a one-way gate leading to the halls of Pandemonium.
 68249 | Depths:2 | Noticed the Enchantress
 68268 | Depths:1 | Killed the Enchantress
 68276 | Depths:1 | Upgraded the game from 0.28-a0-1002-gf00fe891ef to
                  | 0.28-a0-1033-g1a2f33fa85
 68965 | Depths:1 | Found Caro's Jewellery Boutique.
 68966 | Depths:1 | Found Fikhlaa's Book Emporium.
 68967 | Depths:1 | Found Muiroaci's Jewellery Boutique.
 69003 | Depths:1 | Received a gift from Trog
 69400 | Elf:1    | Bought a ring of resist corrosion for 240 gold pieces
 69768 | Slime:1  | Entered Level 1 of the Pits of Slime
 69793 | Slime:1  | Gained mutation: Your body sometimes deteriorates upon
                  | taking damage. [a shining eye]
 70312 | Slime:2  | Gained mutation: You are frail. (-10% HP) [a shining eye]
 70317 | Slime:2  | Gained mutation: Your magical capacity is low. (-10% MP) [a
                  | shining eye]
 70485 | Slime:2  | Gained mutation: Your spells are a little easier to cast,
                  | but a little less powerful. [a shining eye]
 70730 | Slime:3  | Received a gift from Trog
 70991 | Slime:5  | Entered Level 5 of the Pits of Slime
 71060 | Slime:5  | Reached XP level 23. HP: 198/204 MP: 15/19
 71163 | Slime:5  | Noticed the Royal Jelly
 71813 | Orc:1    | Acquired the ring "Hut Gita" {Fly rElec rC++ SInv Stlth+}
 71819 | Orc:1    | Acquired the +10 crystal plate armour of Trial and Error
                  | {rF++ Int+5 Dex+2}
 72263 | Orc:2    | Bought a scroll of enchant armour for 105 gold pieces
 73112 | Slime:4  | Received a gift from Trog
 73492 | Slime:5  | Paralysed by a great orb of eyes for 7 turns
 73717 | Slime:5  | Killed the Royal Jelly
 73806 | Slime:5  | Gained mutation: You sometimes lose the ability to read
                  | scrolls when taking damage. [a shining eye]
 73807 | Slime:5  | Gained mutation: You are very frail. (-20% HP) [a shining
                  | eye]
 73819 | Slime:4  | Lost mutation: Your spells are a little easier to cast, but
                  | a little less powerful. [potion of mutation]
 73819 | Slime:4  | Lost mutation: You are very frail. (-20% HP) [potion of
                  | mutation]
 73819 | Slime:4  | Lost mutation: You sometimes lose the ability to read
                  | scrolls when taking damage. [potion of mutation]
 73819 | Slime:4  | Gained mutation: You have a pair of large horns on your
                  | head. [potion of mutation]
 73819 | Slime:4  | Gained mutation: You have large cloven feet. [potion of
                  | mutation]
 73819 | Slime:4  | Gained mutation: You possess an exceptional clarity of
                  | mind. [potion of mutation]
 73819 | Slime:4  | Gained mutation: You have sharp fingernails. [potion of
                  | mutation]
 73820 | Slime:4  | Lost mutation: You have large cloven feet. [potion of
                  | mutation]
 73820 | Slime:4  | Lost mutation: You are frail. (-10% HP) [potion of
                  | mutation]
 73820 | Slime:4  | Lost mutation: You have a pair of large horns on your head.
                  | [potion of mutation]
 73820 | Slime:4  | Lost mutation: Your magical capacity is low. (-10% MP)
                  | [potion of mutation]
 73820 | Slime:4  | Gained mutation: You have a pair of large horns on your
                  | head. [potion of mutation]
 73891 | Slime:5  | Paralysed by a floating eye for 3 turns
 73920 | Slime:5  | Found the +3 Mad Mage's Maulers {Infuse+∞ RegenMP Int-3}
 73945 | Slime:5  | Identified the +4 short sword of the Crushed Lovers
                  | {freeze, rPois}
 73983 | Slime:5  | Identified the +5 shortbow of the Dripping Fox {flame,
                  | rPois rC+ Dex+3}
 73988 | Slime:5  | Got a slimy rune of Zot
 74020 | Slime:5  | Identified the ring "Fuuppiriu" {Contam rCorr Int+3 Dex+2
                  | Stlth+}
 74062 | Slime:5  | Identified the +5 falchion of Ymawefau {drain, rF+ rCorr}
 74490 | Temple   | Entered the Ecumenical Temple
 74665 | Temple   | Fell from the grace of Trog
 74665 | Temple   | Became a worshipper of the Shining One
 75169 | Depths:2 | Reached * piety under the Shining One
 75304 | Depths:2 | Noticed a juggernaut
 75307 | Depths:2 | Noticed a caustic shrike
 75315 | Depths:2 | Killed a juggernaut
 75317 | Depths:2 | Killed a caustic shrike
 75815 | Depths:2 | Identified the +9 dagger of Mucasa {antimagic, Will+ rCorr
                  | Str+3}
 76047 | Depths:2 | Reached ** piety under the Shining One
 76103 | Depths:2 | Found a shadowy altar of Dithmenos.
 76169 | Depths:2 | Identified the ring "Iwiucw" {rC+ rCorr Int+3}
 76538 | Depths:3 | Noticed a juggernaut
 76538 | Depths:3 | Reached *** piety under the Shining One
 76543 | Depths:3 | Killed a juggernaut
 76742 | Depths:3 | Identified the +8 hand axe of Sharp Guile {venom, Stlth+}
 76783 | Depths:3 | Found a gateway to a ziggurat.
 76836 | Depths:3 | Reached XP level 24. HP: 240/240 MP: 22/22
 76848 | Depths:3 | Reached **** piety under the Shining One
 77027 | Depths:3 | Noticed a juggernaut
 77041 | Depths:3 | Killed a juggernaut
 77329 | Depths:3 | Found a one-way gate to the infinite horrors of the Abyss.
 77397 | Depths:3 | Found a portal to a secret trove of treasure.
 77449 | Depths:4 | Entered Level 4 of the Depths
 77847 | Depths:4 | Reached ***** piety under the Shining One
 78024 | Depths:4 | Noticed a juggernaut
 78034 | Depths:4 | Killed a juggernaut
 78102 | Depths:4 | Reached skill level 1 in Invocations
 78239 | Depths:4 | Found an opulent altar of Gozag.
 78362 | Depths:4 | Reached skill level 5 in Invocations
 78622 | Depths:4 | Found a gate to the Realm of Zot.
 79274 | Crypt:1  | Entered Level 1 of the Crypt
 79530 | Crypt:1  | Reached ****** piety under the Shining One
 79536 | Crypt:1  | Identified a +9 broad axe of holy wrath (a +9 vorpal broad
                  | axe blessed by the Shining One)
 79536 | Crypt:1  | Received a gift from the Shining One
 80097 | Crypt:1  | Paralysed by Trog for 2 turns
 80703 | Crypt:2  | Found a huge runed gate.
 80704 | Crypt:2  | Found a huge runed gate.
 80705 | Crypt:2  | Found a huge runed gate.
 80705 | Crypt:2  | Found a huge runed gate.
 80705 | Crypt:2  | Found a huge runed gate.
 80705 | Crypt:2  | Found a huge runed gate.
 80705 | Crypt:2  | Found a huge runed gate.
 80706 | Crypt:2  | Found a huge runed gate.
 80706 | Crypt:2  | Found a huge runed gate.
 80709 | Crypt:2  | Found a huge runed gate.
 80710 | Crypt:2  | Found a huge runed gate.
 80712 | Crypt:2  | Found a huge runed gate.
 80713 | Crypt:2  | Found a huge runed gate.
 80716 | Crypt:2  | Found a huge runed gate.
 80718 | Crypt:2  | Found a huge runed gate.
 80743 | Crypt:2  | Noticed Sojobo
 80755 | Crypt:2  | Killed Sojobo
 80756 | Crypt:2  | Reached skill level 10 in Invocations
 80786 | Crypt:2  | Found a huge runed gate.
 80787 | Crypt:2  | Found a huge runed gate.
 80788 | Crypt:2  | Found a huge runed gate.
 80789 | Crypt:2  | Found a huge runed gate.
 80798 | Crypt:2  | Found a huge runed gate.
 80798 | Crypt:2  | Found a huge runed gate.
 80798 | Crypt:2  | Found a huge runed gate.
 80798 | Crypt:2  | Found a huge runed gate.
 80798 | Crypt:2  | Found a huge runed gate.
 80798 | Crypt:2  | Found a huge runed gate.
 80799 | Crypt:2  | Found a huge runed gate.
 80925 | Crypt:2  | Found a huge runed gate.
 80926 | Crypt:2  | Found a huge runed gate.
 80934 | Crypt:2  | Found a huge runed gate.
 80934 | Crypt:2  | Found a huge runed gate.
 80934 | Crypt:2  | Found a huge runed gate.
 80934 | Crypt:2  | Found a huge runed gate.
 80934 | Crypt:2  | Found a huge runed gate.
 80935 | Crypt:2  | Found a huge runed gate.
 80936 | Crypt:2  | Found a huge runed gate.
 80937 | Crypt:2  | Found a huge runed gate.
 81103 | Crypt:3  | Entered Level 3 of the Crypt
 81569 | Crypt:3  | Found a basalt altar of Yredelemnul.
 81663 | Crypt:3  | Reached XP level 25. HP: 249/249 MP: 31/31
 81956 | Crypt:3  | Identified the amulet "Oppamp" {Faith Str+3}
 81958 | Crypt:3  | Identified the +0 cloak "Vowkax" {rElec rPois Int-5 Slay-2}
 82365 | Crypt:3  | Found a staircase to the Tomb.
 82365 | Crypt:3  | Found the +7 great mace "Undeadhunter" {disrupt, rN+}
 82544 | Crypt:3  | Acquired 1245 gold pieces
 82658 | Crypt:3  | Acquired the ring "Usyxkoru" {Will+ EV+4 Int+3}
 82775 | Crypt:3  | Identified the +3 mace of Arrival {freeze, Int+6}
 83090 | Crypt:3  | Got the Volume of Poisoning and Bewitchment
 84133 | Tomb:1   | Entered Level 1 of the Tomb of the Ancients
 84254 | Tomb:1   | Reached skill level 15 in Invocations
 84324 | Tomb:1   | Noticed a royal mummy
 84339 | Tomb:1   | Killed a royal mummy
 84363 | Tomb:1   | Noticed a royal mummy
 84575 | Tomb:1   | Killed a royal mummy
 85436 | Tomb:2   | Noticed a royal mummy
 85437 | Tomb:2   | Noticed a royal mummy
 85444 | Tomb:2   | Noticed a royal mummy
 85445 | Tomb:2   | Noticed a royal mummy
 85455 | Tomb:2   | Killed a royal mummy
 85460 | Tomb:2   | Killed a royal mummy
 85468 | Tomb:2   | Killed a royal mummy
 85473 | Tomb:2   | Killed a royal mummy
 85520 | Tomb:2   | Identified the +4 war axe of Kismet {elec, rElec rF+++
                  | rCorr Stlth-}
 86209 | Tomb:2   | Was forgiven by Trog
 86266 | Tomb:1   | Noticed a royal mummy
 86266 | Tomb:1   | Noticed a royal mummy
 86266 | Tomb:1   | Noticed a royal mummy
 86266 | Tomb:1   | Noticed a royal mummy
 86266 | Tomb:1   | Noticed a royal mummy
 86266 | Tomb:1   | Noticed a royal mummy
 86266 | Tomb:1   | Noticed a royal mummy
 86276 | Tomb:1   | Killed a royal mummy
 86277 | Tomb:1   | Killed a royal mummy
 86282 | Tomb:1   | Killed a royal mummy
 86298 | Tomb:1   | Killed a royal mummy
 86301 | Tomb:1   | Killed a royal mummy
 86302 | Tomb:1   | Killed a royal mummy
 86308 | Tomb:1   | Noticed a royal mummy
 86309 | Tomb:1   | Killed a royal mummy
 86321 | Tomb:1   | Killed a royal mummy
 86324 | Tomb:1   | Noticed a royal mummy
 86327 | Tomb:1   | Killed a royal mummy
 86357 | Tomb:1   | Noticed a royal mummy
 86363 | Tomb:1   | Killed a royal mummy
 86514 | Tomb:1   | Noticed a royal mummy
 86519 | Tomb:1   | Killed a royal mummy
 86531 | Tomb:1   | Noticed a royal mummy
 86538 | Tomb:1   | Killed a royal mummy
 86539 | Tomb:1   | Reached XP level 26. HP: 258/258 MP: 35/35
 86584 | Tomb:1   | Noticed a royal mummy
 86589 | Tomb:1   | Noticed a royal mummy
 86602 | Tomb:1   | Killed a royal mummy
 86606 | Tomb:1   | Noticed a royal mummy
 86607 | Tomb:1   | Killed a royal mummy
 86608 | Tomb:1   | Noticed a royal mummy
 86611 | Tomb:1   | Killed a royal mummy
 86624 | Tomb:1   | Killed a royal mummy
 86691 | Tomb:1   | Noticed a royal mummy
 86703 | Tomb:1   | Killed a royal mummy
 86760 | Tomb:1   | Noticed a royal mummy
 86771 | Tomb:1   | Killed a royal mummy
 86812 | Tomb:1   | Noticed a royal mummy
 86829 | Tomb:1   | Killed a royal mummy
 86989 | Tomb:2   | Lost intelligence.
 87117 | Tomb:3   | Entered Level 3 of the Tomb of the Ancients
 87136 | Tomb:3   | Lost intelligence.
 87142 | Tomb:3   | Noticed a royal mummy
 87143 | Tomb:3   | Noticed a royal mummy
 87150 | Tomb:3   | Killed a royal mummy
 87152 | Tomb:3   | Killed a royal mummy
 87158 | Tomb:3   | Noticed a royal mummy
 87166 | Tomb:3   | Killed a royal mummy
 87168 | Tomb:3   | Noticed a royal mummy
 87184 | Tomb:3   | Killed a royal mummy
 87212 | Tomb:3   | Noticed a royal mummy
 87219 | Tomb:3   | Noticed a royal mummy
 87220 | Tomb:3   | Killed a royal mummy
 87234 | Tomb:3   | Killed a royal mummy
 87278 | Tomb:3   | Noticed a royal mummy
 87280 | Tomb:3   | Noticed a royal mummy
 87290 | Tomb:3   | HP: 10/387 [emperor scorpion[a royal mummy] (17)]
 87290 | Tomb:3   | The Shining One protects you from harm!
 87290 | Tomb:3   | The Shining One protects you from harm!
 87290 | Tomb:3   | Slain by an emperor scorpion

Illustrated notes

Levels and vault maps discovered:
D:1:      mainiacjoe_arrival_reflecting_pool, layout_loops_ring,
          minmay_stone_trees_medium, minmay_misc_feat_alley, nrook_campfire,
          minmay_worlds_worst_comb
D:2:      layout_basic, uniq_sigmund
D:3:      layout_basic, hellmonk_ecumenical_altar_dog_temple, serial_shops,
          shop, minivault_23, uniq_robin
D:4:      layout_basic
D:5:      layout_basic, zin_purify, bh_walls_and_bars
D:6:      layout_basic, serial_glass, glass_columns_a, glass_columns_b,
          item_on_display_b, item_on_display_a, due_unseen_surprise,
          feat_on_display
D:7:      layout_rooms, minmay_temple_entry_overgrown, uniq_duvessa
D:8:      kennysheep_ambush_hall, layout_basic, due_lair_maze_entry_diamond
D:9:      layout_stronghold
D:10:     wander_river, layout_stronghold
D:11:     layout_long_grid
D:12:     layout_roguey, orc_0_dummy, demons_altar
D:13:     layout_layer_cave, erik_vaults_1, serial_shops, shop
D:14:     layout_basic, gammafunk_ghost_hydra_chop,
          nicolae_gozag_cash_rules_everything_around_me, drop_trap, minivault_5,
          statue_in_the_mist_lemuel, nrook_mini_vaults
D:15:     grunt_enter_depths_giant_problem, layout_layer_cave, uniq_nessos
Temple:   mainiacjoe_temple_archimedes_tessellation
Lair:1:   layout_loops_ring, serial_bayou, serial_bayou_shore_b,
          serial_bayou_pond_e, serial_bayou_shore_b, serial_bayou_pond_d,
          serial_bayou_shore_a
Lair:2:   layout_big_grid, swamp_mist_pool, nicolae_spider_entry_non_spiders,
          chequers_serial_rivers_micro_b
Lair:3:   layout_small_grid
Lair:4:   layout_cave_pods, st_stairs_13
Lair:5:   layout_long_grid, serial_rivers, chequers_serial_rivers_small_3,
          chequers_serial_rivers_marsh, chequers_serial_rivers_room_a,
          chequers_serial_rivers_small_b, chequers_serial_rivers_micro_d,
          chequers_serial_rivers_large_a, chequers_serial_rivers_large_b
Lair:6:   evil_forest, layout_misc_corridors, slime_dummy, st_stairs_9,
          hellmonk_guarded_unrand_zhor
Swamp:1:  layout_basic_swamp, evilmike_swamp_ruin_house_4, swamp_pool5
Swamp:2:  layout_basic_swamp, nicolae_swamp_treefoil, swamp_pool1
Swamp:3:  layout_falls_marsh, nicolae_swamp_stair_fork
Swamp:4:  swamp_basic_johnstein, layout_basic_swamp, infiniplex_staircase_pool_2
Spider:1: layout_spider_delve
Spider:2: layout_spider_delve, hangedman_spider_tarantella_strand, uniq_arachne,
          uniq_agnes
Spider:3: layout_chambers, nicolae_spider_moth_buddies,
          nicolae_spider_cling_halls
Spider:4: grunt_spider_rune_circles
Slime:1:  layout_caves
Slime:2:  layout_caves
Slime:3:  layout_caves
Slime:4:  layout_caves, special_room [special_room_jelly]
Slime:5
Orc:1:    layout_caves, serial_shops, shop
Orc:2:    grunt_orc_gardens, layout_caves, grunt_orc_garden, grunt_orc_garden,
          grunt_orc_garden, grunt_orc_garden, basic_altar
Elf:1:    nicolae_elf_arrival_no_cutting_in_line, layout_geoelf_octagon,
          serial_shops, nicolae_shop_temple_entry_statues_fountains, shop, shop,
          nicolae_diamond_shop, shop, minivault_28
Elf:2:    nicolae_elf_blades_crystal_corner, layout_geoelf_octagon,
          lemuel_elevator
Elf:3:    elf_hall, layout_rooms, uniq_bai_suzhen, uniq_donald
Vaults:1: vaults_mumra_chevron_long, hangedman_vaults_stream,
          vaults_room_hallway, vaults_dpeg_diagonal, dpeg_vaults_monster_box,
          v_pattern_4, nicolae_vaults_network_periphery,
          ontoclasm_vaults_ring_square, ontoclasm_vaults_gateway,
          grunt_vaults_hallway_short, v_misc_26, nicolae_vaults_specimen_jars,
          layout_vaults_maze_snakey
Vaults:2: minmay_crypt_entry_simple_corners, v_misc_2, v_misc_29,
          nicolae_vaults_little_squares_6, hangedman_vaults_unwind,
          st_more_cells, vaults_room_semicircle, v_rooms_5, vaults_room_boxed,
          vaults_mumra_minichess, ontoclasm_vaults_shuriken,
          grunt_vaults_hallway_short, vaults_room_stairs_pillars,
          layout_vaults_ring
Vaults:3: hangedman_vaults_hat, hangedman_vaults_stitches,
          ontoclasm_vaults_twist, hangedman_vaults_stretched_pinwheel,
          nicolae_vaults_little_squares_3, nicolae_vaults_ring_of_whatevers,
          serial_ice_h, layout_vaults_big_room, serial_shops,
          nicolae_shop_waterfront, shop, nicolae_shop_statue_plus
Vaults:4: nicolae_vaults_alarming, ontoclasm_vaults_ring_square,
          nicolae_vaults_circle_grid_a, vaults_dpeg_encased_lava,
          v_alt_pattern_6, vaults_room_large_hall, hangedman_vaults_trim,
          hangedman_vaults_slice, vaults_dpeg_hooks, dpeg_vaults_monster_row,
          hangedman_vaults_stretched_pinwheel, nicolae_vaults_sealed_display,
          layout_vaults_omnibox, serial_shops, nicolae_shop_trees
Vaults:5: serial_shops
Crypt:1:  layout_basic, grunt_megastairs_3, grunt_crypt_arrival_guarded_gate
Crypt:2:  layout_rooms, not_door_vault_due, uniq_sojobo
Crypt:3:  evilmike_haunted_forest
Tomb:1
Tomb:2
Tomb:3
Depths:1: layout_forbidden_donut, pf_hell_entry_great_geh,
          serial_sigils_hangedman_quiver, nooodl_orcs_dogs, grunt_megastairs_1,
          minmay_shop_grove
Depths:2: minmay_octo_star, layout_basic, grunt_mini_vestibule, pan_entry,
          hex_medium, nicolae_dithmenos_through_a_glass_darkly, uniq_enchantress
Depths:3: minmay_the_grid_triangle_9x9_recursive_2
          [minmay_the_grid_triangle_9x9_prize_schism,
          minmay_the_grid_triangle_9x9_sprig,
          minmay_the_grid_triangle_9x9_pentomino_pain,
          minmay_the_grid_triangle_9x9_flanged_cone], layout_cave_pools,
          enter_ziggurat_c, hell_entry, minmay_room_of_horrors,
          nicolae_trove_entry_columns, infiniplex_staircase_zigzag_1
Depths:4: evilmike_zot_entry_hall, layout_gridlike, old_standard_altar,
          pan_entry, pf_coc_iceberg

Skill      XL: |  1  2  3  4  5  6  7  8  9 10 11 12 13 14 15 16 17 18 19 20 21 22 23 24 25 26 |
---------------+-------------------------------------------------------------------------------+-----
Axes           | 4 5 6 8 9 11 14 15 16 17 18 | 18.0
Fighting       | 4 5 6 7 9 10 12 13 15 16 20 21 23 24 25 | 25.0
Armour         | 3 4 5 7 9 10 12 15 18 20 21 23 24 25 | 25.0
Dodging        | 3 4 5 6 8 10 11 13 15 16 18 20 21 22 24 25 | 25.0
Shields        | 5 10 14 15 16 19 21 25 | 25.0
Evocations     | 1 5 |  5.2
Invocations    | 12 18 22 | 22.0
Stealth        | |  0.1

Action                   |  1- 3 |  4- 6 |  7- 9 | 10-12 | 13-15 | 16-18 | 19-21 | 22-24 | 25-27 || total
-------------------------+-------+-------+-------+-------+-------+-------+-------+-------+-------++-------
Melee: Hand axe          |    70 |   107 |   198 |       |       |       |       |       |       ||   375
       Headbutt          |    13 |    33 |    39 |    98 |   206 |   302 |   416 |   525 |   173 ||  1805
       Broad axe         |       |       |    14 |   388 |   786 |  1096 |  1147 |  1597 |   698 ||  5726
       Flail             |       |       |       |    13 |    18 |       |       |       |       ||    31
Invok: Berserk           |     1 |     1 |     1 |     8 |     9 |     4 |     1 |     3 |       ||    28
       Trog's Hand       |       |     1 |       |     2 |     8 |     8 |     4 |     7 |       ||    30
       Brothers in Arms  |       |       |       |     1 |     6 |     3 |    15 |     5 |       ||    30
       Cleansing Flame   |       |       |       |       |       |       |       |     4 |    41 ||    45
       Brand Weapon With |       |       |       |       |       |       |       |     1 |       ||     1
       Summon Divine War |       |       |       |       |       |       |       |       |     4 ||     4
 Abil: Evoke Blink       |       |       |       |       |     1 |       |       |       |     3 ||     4
Evoke: Wand              |       |       |       |       |     1 |       |       |       |       ||     1
       Phantom mirror    |       |       |       |       |       |       |       |     1 |       ||     1
  Use: Scroll            |       |       |     4 |     4 |    11 |    22 |     9 |    26 |     8 ||    84
       Potion            |       |       |       |     2 |     1 |     1 |     7 |     5 |    19 ||    35
 Stab: Sleeping          |     1 |       |       |       |       |       |       |       |       ||     1
       Distracted        |       |       |       |       |       |     1 |     1 |     1 |       ||     3
       Confused          |       |       |       |       |       |     1 |       |       |       ||     1
Armor: Animal skin       |    11 |       |       |       |       |       |       |       |       ||    11
       Chain mail        |     9 |    40 |    56 |       |       |       |       |       |       ||   105
       Plate armour      |       |       |    72 |    74 |   252 |   356 |   364 |   203 |       ||  1321
       Ring mail         |       |       |       |    83 |    82 |       |       |       |       ||   165
       Crystal plate arm |       |       |       |       |       |       |       |   463 |   241 ||   704
       Skin              |       |       |       |       |       |       |       |       |   341 ||   341
Dodge: Dodged            |    37 |    49 |   137 |   234 |   315 |   375 |   412 |   598 |   298 ||  2455
Block: Kite shield       |       |       |       |    31 |   407 |   846 |   969 |   429 |       ||  2682
       Reflection        |       |       |       |       |       |    77 |    98 |    21 |       ||   196
       Tower shield      |       |       |       |       |       |       |       |  1167 |  1241 ||  2408

Table legend: (Time is in decaauts)
 A = Elapsed time spent in this place.
 B = Non-inter-level travel time spent in this place.
 C = Inter-level travel time spent in this place.
 D = Time resting spent in this place.
 E = Time spent auto-exploring this place.
 F = Levels seen in this place.
 G = Mean time per level.
                   A        B        C        D        E       F      G
               +--------+--------+--------+--------+--------+-----+--------+
         Total |  87024 |  75689 |  11335 |  21923 |  34791 |  59 | 1475.0 |
       Dungeon |  18661 |  15107 |   3554 |   1306 |  11581 |  15 | 1244.1 |
        Temple |    195 |    175 |     20 |      0 |    146 |   1 |  195.0 |
          Lair |  15161 |  13595 |   1566 |   6043 |   5607 |   6 | 2526.8 |
         Swamp |   3899 |   3643 |    256 |    621 |   2320 |   4 |  974.8 |
   Spider Nest |   4390 |   3723 |    667 |    139 |   2805 |   4 | 1097.5 |
    Slime Pits |   3059 |   2912 |    147 |   1098 |     76 |   5 |  611.8 |
  Orcish Mines |   2710 |   2261 |    449 |    781 |   1032 |   2 | 1355.0 |
   Elven Halls |  16635 |  14927 |   1708 |   8924 |   2084 |   3 | 5545.0 |
        Vaults |   8084 |   6482 |   1602 |    660 |   3584 |   5 | 1616.8 |
         Crypt |   4786 |   3862 |    924 |    524 |   2295 |   3 | 1595.3 |
          Tomb |   3137 |   2992 |    145 |   1029 |    364 |   3 | 1045.7 |
        Depths |   5439 |   5146 |    293 |    749 |   2697 |   4 | 1359.8 |
         Abyss |    862 |    862 |      0 |     45 |    198 |   4 |  215.5 |
               +--------+--------+--------+--------+--------+-----+--------+

Top non-repeatable levels by time:
   Elf:2: 8091 daAuts
   Elf:1: 5923 daAuts
  Lair:6: 4074 daAuts
  Lair:5: 3214 daAuts
 Crypt:3: 2907 daAuts
   Elf:3: 2620 daAuts
  Lair:2: 2446 daAuts
Vaults:5: 1933 daAuts
  Tomb:1: 1929 daAuts
  Lair:1: 1919 daAuts
    D:13: 1865 daAuts
     D:8: 1834 daAuts
Vaults:2: 1807 daAuts
  Lair:4: 1778 daAuts
   Orc:2: 1778 daAuts
